[ AOE2 MATCH · #482780963 ]
1v1 RMBurgundians vs Aztecs
Rival team · WIN
[ REPLAY ANALYSIS · EXTRACTED FROM THE RECORDED GAME ]
Feudal
16:31
Castle
31:22
Imperial
46:54
| APM avg | 26.6 |
| APM peak | 49 |
| eAPM avg | 16.0 |
| Villagers / military | 98 / 59 |
Focus
⚔️ 23.8% · 🌾 76.2%
Knight ×31 · Scout Cavalry ×22 · Coustillier ×6
Feudal
14:10
Castle
30:55
Imperial
51:04
| APM avg | 22.0 |
| APM peak | 49 |
| eAPM avg | 13.0 |
| Villagers / military | 142 / 135 |
Focus
⚔️ 30.8% · 🌾 69.2%
Spearman ×96 · Archer ×22 · Battering Ram ×14 · Jaguar Warrior ×2 · Eagle Scout ×1
Match map
Resources at game start + every placement click. Thick line = wall · dashed box = detected house wall. 🟡 gold · ⚪ stone · 🟢 berries · 🔶 boar · ⭕ relic
Inputs per minute
— Wollof_08 / German Mum - - Madonna
Build order — Wollof_08 / German Mum
First 150 of 283 actions detected
| 0:02 | Research | Wheelbarrow |
| 0:15 | Create | Villager (Male) |
| 1:03 | Build | House |
| 1:09 | Create | Villager (Male) |
| 1:20 | Build | House |
| 1:25 | Build | House |
| 1:27 | Build | House |
| 1:30 | Create | Villager (Male) |
| 2:18 | Research | Loom |
| 2:35 | Create | Villager (Male) |
| 3:03 | Create | Villager (Male) |
| 3:35 | Create | Villager (Male) |
| 4:06 | Create | Villager (Male) |
| 4:23 | Create | Villager (Male) |
| 4:47 | Create | Villager (Male) |
| 4:47 | Create | Villager (Male) |
| 5:14 | Create | Villager (Male) |
| 5:26 | Create | Villager (Male) |
| 5:59 | Create | Villager (Male) |
| 6:25 | Create | Villager (Male) |
| 7:10 | Create | Villager (Male) |
| 7:23 | Create | Villager (Male) |
| 8:06 | Build | Lumber Camp |
| 8:28 | Create | Villager (Male) |
| 8:31 | Create | Villager (Male) |
| 8:57 | Create | Villager (Male) |
| 9:16 | Create | Villager (Male) |
| 9:22 | Build | House |
| 9:23 | Build | House |
| 10:02 | Create | Villager (Male) |
| 10:27 | Build | Mill |
| 10:35 | Create | Villager (Male) |
| 10:45 | Build | Farm |
| 10:45 | Build | Farm |
| 10:45 | Build | Farm |
| 10:45 | Build | Farm |
| 10:46 | Build | Farm |
| 10:46 | Build | Farm |
| 10:46 | Build | Farm |
| 10:47 | Build | Farm |
| 10:55 | Create | Villager (Male) |
| 11:00 | Build | Farm |
| 11:13 | Build | Farm |
| 11:24 | Create | Villager (Male) |
| 11:31 | Build | Farm |
| 11:41 | Build | Farm |
| 11:48 | Create | Villager (Male) |
| 11:54 | Build | Farm |
| 12:13 | Create | Villager (Male) |
| 12:18 | Build | Farm |
| 12:18 | Build | Farm |
| 12:31 | Create | Villager (Male) |
| 12:43 | Build | Farm |
| 12:47 | Build | Farm |
| 12:55 | Build | Farm |
| 12:59 | Create | Villager (Male) |
| 13:04 | Build | Farm |
| 13:12 | Build | Farm |
| 13:15 | Create | Villager (Male) |
| 13:24 | Build | Farm |
| 13:35 | Build | Farm |
| 13:50 | Create | Villager (Male) |
| 14:03 | Build | Farm |
| 14:16 | Build | Farm |
| 14:21 | Research | Feudal Age |
| 14:33 | Research | Double-Bit Axe |
| 14:50 | Build | Barracks |
| 14:59 | Create | Villager (Male) |
| 15:06 | Build | House |
| 15:31 | Build | House |
| 15:55 | Build | House |
| 16:12 | Build | Farm |
| 16:15 | Build | Farm |
| 16:31 | Age | Feudal Age |
| 16:37 | Build | Stable |
| 16:40 | Create | Villager (Male) |
| 16:41 | Create | Villager (Male) |
| 17:05 | Create | Scout Cavalry |
| 17:05 | Create | Scout Cavalry |
| 17:05 | Create | Scout Cavalry |
| 17:06 | Create | Scout Cavalry |
| 17:12 | Build | Stable |
| 17:28 | Build | Farm |
| 17:47 | Create | Scout Cavalry |
| 17:47 | Create | Scout Cavalry |
| 18:10 | Create | Scout Cavalry |
| 18:11 | Create | Scout Cavalry |
| 18:11 | Create | Scout Cavalry |
| 18:53 | Create | Villager (Male) |
| 18:53 | Create | Villager (Male) |
| 19:02 | Create | Scout Cavalry |
| 19:03 | Create | Scout Cavalry |
| 19:03 | Create | Scout Cavalry |
| 19:03 | Create | Scout Cavalry |
| 19:21 | Create | Villager (Male) |
| 19:21 | Create | Villager (Male) |
| 19:31 | Create | Scout Cavalry |
| 19:31 | Create | Scout Cavalry |
| 19:32 | Create | Scout Cavalry |
| 19:46 | Build | Farm |
| 20:13 | Create | Villager (Male) |
| 20:13 | Create | Villager (Male) |
| 20:13 | Create | Villager (Male) |
| 21:31 | Create | Villager (Male) |
| 21:54 | Build | Lumber Camp |
| 22:13 | Build | Farm |
| 22:56 | Build | Mill |
| 23:04 | Build | Farm |
| 23:16 | Create | Scout Cavalry |
| 23:16 | Create | Scout Cavalry |
| 23:16 | Create | Scout Cavalry |
| 23:38 | Build | Mining Camp |
| 24:29 | Build | House |
| 24:30 | Build | House |
| 24:31 | Build | House |
| 24:42 | Build | Market |
| 24:53 | Research | Gold Mining |
| 25:11 | Create | Scout Cavalry |
| 25:11 | Create | Scout Cavalry |
| 25:11 | Create | Scout Cavalry |
| 25:29 | Build | House |
| 25:31 | Build | House |
| 26:06 | Build | Mining Camp |
| 26:10 | Create | Villager (Male) |
| 26:10 | Create | Villager (Male) |
| 26:10 | Create | Villager (Male) |
| 26:43 | Build | Blacksmith |
| 27:04 | Build | House |
| 27:23 | Create | Villager (Male) |
| 27:23 | Create | Villager (Male) |
| 28:14 | Build | Watch Tower |
| 28:23 | Research | Castle Age |
| 28:31 | Research | Stone Mining |
| 30:12 | Build | Stable |
| 30:14 | Build | Stable |
| 30:16 | Build | Stable |
| 30:52 | Create | Villager (Male) |
| 30:52 | Create | Villager (Male) |
| 31:22 | Age | Castle Age |
| 31:35 | Build | Town Center |
| 31:56 | Build | Mill |
| 32:02 | Build | Farm |
| 32:02 | Build | Farm |
| 32:03 | Build | Farm |
| 32:04 | Build | Farm |
| 32:44 | Create | Knight |
| 32:44 | Create | Knight |
| 32:45 | Create | Knight |
| 33:19 | Build | Farm |
| 33:20 | Build | Farm |
Build order — Madonna
First 150 of 362 actions detected
| 0:01 | Create | Villager (Male) |
| 0:04 | Build | House |
| 0:05 | Build | House |
| 0:11 | Create | Villager (Male) |
| 0:11 | Create | Villager (Male) |
| 0:12 | Create | Villager (Male) |
| 1:33 | Create | Villager (Male) |
| 2:03 | Create | Villager (Male) |
| 2:03 | Create | Villager (Male) |
| 2:13 | Build | Lumber Camp |
| 2:40 | Create | Villager (Male) |
| 2:41 | Create | Villager (Male) |
| 2:41 | Create | Villager (Male) |
| 3:28 | Create | Villager (Male) |
| 3:59 | Create | Villager (Male) |
| 4:00 | Create | Villager (Male) |
| 4:14 | Build | House |
| 4:29 | Create | Villager (Male) |
| 4:52 | Create | Villager (Male) |
| 5:15 | Create | Villager (Male) |
| 5:15 | Create | Villager (Male) |
| 5:16 | Create | Villager (Male) |
| 5:47 | Build | Mill |
| 6:05 | Create | Villager (Male) |
| 6:24 | Create | Villager (Male) |
| 6:29 | Build | House |
| 6:40 | Research | Loom |
| 6:44 | Create | Villager (Male) |
| 6:52 | Research | Loom |
| 7:03 | Build | House |
| 7:29 | Create | Villager (Male) |
| 7:56 | Create | Villager (Male) |
| 8:06 | Build | Mining Camp |
| 8:10 | Create | Villager (Male) |
| 8:32 | Build | Mill |
| 8:55 | Create | Villager (Male) |
| 9:07 | Build | Farm |
| 9:08 | Build | Farm |
| 9:09 | Build | Farm |
| 9:10 | Build | Farm |
| 9:11 | Build | Farm |
| 9:12 | Build | Farm |
| 9:24 | Create | Villager (Male) |
| 10:08 | Create | Villager (Male) |
| 10:08 | Create | Villager (Male) |
| 10:32 | Build | Mill |
| 10:43 | Create | Villager (Male) |
| 10:53 | Create | Villager (Male) |
| 11:18 | Build | Lumber Camp |
| 11:31 | Build | Farm |
| 11:39 | Build | Farm |
| 11:54 | Build | Mining Camp |
| 12:00 | Research | Feudal Age |
| 12:51 | Build | House |
| 13:22 | Create | Villager (Male) |
| 14:05 | Create | Villager (Male) |
| 14:10 | Age | Feudal Age |
| 14:27 | Build | Watch Tower |
| 14:32 | Build | Blacksmith |
| 14:52 | Build | Watch Tower |
| 15:04 | Research | Fletching |
| 15:41 | Create | Villager (Male) |
| 15:41 | Create | Villager (Male) |
| 15:44 | Research | Town Watch |
| 15:52 | Research | Double-Bit Axe |
| 16:20 | Research | Scale Mail Armor |
| 16:22 | Research | Forging |
| 16:36 | Research | Wheelbarrow |
| 16:57 | Create | Villager (Male) |
| 17:09 | Build | House |
| 17:10 | Build | House |
| 17:18 | Build | Barracks |
| 17:29 | Build | Watch Tower |
| 18:56 | Build | Palisade Wall |
| 19:06 | Create | Villager (Male) |
| 19:06 | Create | Villager (Male) |
| 19:07 | Create | Villager (Male) |
| 19:10 | Build | Farm |
| 19:27 | Build | Watch Tower |
| 19:35 | Build | Farm |
| 19:43 | Build | Barracks |
| 20:10 | Create | Villager (Male) |
| 20:25 | Build | Watch Tower |
| 20:31 | Create | Villager (Male) |
| 20:32 | Create | Villager (Male) |
| 20:51 | Build | Watch Tower |
| 21:05 | Build | Barracks |
| 21:23 | Create | Eagle Scout |
| 21:29 | Create | Spearman |
| 21:46 | Create | Spearman |
| 21:58 | Create | Spearman |
| 22:26 | Create | Villager (Male) |
| 22:26 | Create | Villager (Male) |
| 22:26 | Create | Villager (Male) |
| 22:47 | Build | Watch Tower |
| 23:07 | Build | Mining Camp |
| 23:16 | Create | Villager (Male) |
| 23:32 | Build | Watch Tower |
| 24:12 | Create | Villager (Male) |
| 24:12 | Create | Villager (Male) |
| 24:12 | Create | Villager (Male) |
| 25:04 | Create | Villager (Male) |
| 25:04 | Create | Villager (Male) |
| 25:33 | Build | House |
| 25:35 | Build | House |
| 26:21 | Build | Lumber Camp |
| 26:23 | Build | Farm |
| 26:28 | Build | House |
| 26:41 | Create | Spearman |
| 26:43 | Create | Spearman |
| 26:47 | Create | Spearman |
| 26:57 | Create | Spearman |
| 27:08 | Build | Palisade Wall |
| 27:16 | Build | Palisade Wall |
| 27:20 | Build | Archery Range |
| 27:29 | Build | Archery Range |
| 27:50 | Create | Villager (Male) |
| 27:50 | Create | Villager (Male) |
| 27:55 | Build | House |
| 28:00 | Build | Market |
| 28:06 | Research | Castle Age |
| 28:27 | Create | Archer |
| 28:28 | Create | Archer |
| 28:36 | Create | Villager (Male) |
| 29:09 | Build | Lumber Camp |
| 29:37 | Create | Archer |
| 29:45 | Create | Archer |
| 29:46 | Create | Archer |
| 29:46 | Create | Archer |
| 30:15 | Create | Villager (Male) |
| 30:30 | Create | Spearman |
| 30:30 | Create | Spearman |
| 30:40 | Research | Gold Mining |
| 30:45 | Create | Archer |
| 30:55 | Age | Castle Age |
| 30:56 | Build | Mining Camp |
| 31:07 | Build | Mining Camp |
| 31:49 | Build | Town Center |
| 32:11 | Research | Squires |
| 32:11 | Create | Spearman |
| 32:11 | Create | Spearman |
| 32:12 | Create | Spearman |
| 32:32 | Research | Hand Cart |
| 32:47 | Research | Bodkin Arrow |
| 32:47 | Research | Bodkin Arrow |
| 32:53 | Create | Villager (Male) |
| 32:54 | Create | Villager (Male) |
| 32:55 | Create | Villager (Male) |
| 32:55 | Create | Villager (Male) |
| 32:56 | Create | Villager (Male) |
Match timeline
| 14:10 | Madonna · age_up feudal |
| 14:50 | Wollof_08 / German Mum · first_building Barracks |
| 16:31 | Wollof_08 / German Mum · age_up feudal |
| 16:37 | Wollof_08 / German Mum · first_building Stable |
| 17:18 | Madonna · first_building Barracks |
| 18:56 | Madonna · wall_segment Palisade Wall x16 |
| 27:08 | Madonna · wall_segment Palisade Wall x6 |
| 27:14 | Wollof_08 / German Mum · first_market_buy 100 food |
| 27:16 | Madonna · wall_segment Palisade Wall x6 |
| 27:20 | Madonna · first_building Archery Range |
| 27:41 | Wollof_08 / German Mum · first_market_sell 100 wood |
| 30:55 | Madonna · age_up castle |
| 31:22 | Wollof_08 / German Mum · age_up castle |
| 34:38 | Madonna · first_market_buy 100 food |
| 36:00 | Wollof_08 / German Mum · first_building Castle |
| 39:17 | Madonna · first_building Siege Workshop |
| 44:49 | Madonna · first_building Castle |
| 46:22 | Madonna · first_building Monastery |
| 46:54 | Wollof_08 / German Mum · age_up imperial |
| 51:04 | Madonna · age_up imperial |
| 55:13 | Wollof_08 / German Mum · resign |
[ AI ANALYSIS · 1 CREDIT ]
What really happened in this match?
Wolo.gg analyzes every decision: build order, eco, micro, common mistakes by bracket. Personalized analysis on WhatsApp or Discord in 30 seconds.
Civ guide
Burgundians
Map guide
MegaRandom
Perfil
Wollof_08 / German Mum